 Dungeon Crawl Stone Soup version 0.16-a0-3476-g5f3739d (webtiles) character file.

3304 superterranean the Grappler (level 9, 0/88 HPs)
             Began as a Troll Monk on Jan 6, 2015.
             Succumbed to poison (a potion of poison)
             ... on level 9 of the Dungeon.
             The game lasted 00:19:45 (7786 turns).

superterranean the Grappler (Troll Monk)            Turns: 7786, Time: 00:19:45

Health: 0/88       AC:  6    Str: 26    XL:     9   Next: 70%
Magic:  13/13      EV: 16    Int:  9    God:
Gold:   426        SH:  0    Dex: 17    Spells: 0 memorised, 8 levels left

rFire  + . .     SeeInvis .       - Unarmed
rCold  + . .     Clarity  .     a - +0 robe
rNeg   . . .     SustAb   .     (shield restricted)
rPois  .         Gourm    +     (helmet restricted)
rElec  .         Spirit   .     r - +0 cloak
rCorr  .         Warding  .     (gloves unavailable)
rMut   .         Stasis   .     (boots unavailable)
MR     .....                    (no amulet)
Stlth  +++.......               p - ring of protection from cold
                                i - ring of protection from fire

@: mighty, agile, lethally poisoned, not resistant to hostile enchantments,
fairly stealthy
A: unfitting armour, claws 3, fast metabolism 3, gourmand, regeneration 2,
shaggy fur 1, tough skin 2
a: no special abilities


You were on level 9 of the Dungeon.
You were full.

You visited 2 branches of the dungeon, and saw 11 of its levels.

You collected 426 gold pieces.

Inventory:

Hand weapons
 z - a +0 blowgun
Missiles
 n - 2 javelins (quivered)
 y - 7 curare-tipped needles
 B - 4 poisoned needles
Armour
 a - a +0 robe (worn)
 r - a +0 cloak (worn)
Jewellery
 i - a ring of protection from fire (left claw)
 m - an uncursed ring of protection from fire
 p - a ring of protection from cold (right claw)
 M - a +3 ring of intelligence
Magical devices
 E - a wand of disintegration (0)
 H - a wand of lightning (0)
 N - a wand of polymorph (13)
Scrolls
 c - 2 scrolls of recharging {unknown}
 d - 4 scrolls of noise {unknown}
 f - 8 scrolls of teleportation {unknown}
 g - 8 scrolls of identify {unknown}
 o - 3 scrolls of remove curse {unknown}
 s - a scroll of random uselessness {unknown}
 u - 2 scrolls of immolation {unknown}
 F - a scroll of blinking {unknown}
 G - 5 scrolls of enchant weapon {unknown}
 J - a scroll of amnesia {unknown}
 L - a scroll of fog {unknown}
 O - a scroll of holy word {unknown}
 P - a scroll of magic mapping {unknown}
Potions
 e - a potion of agility
 j - a potion of might
 w - a potion of poison {erolcha had one}
 A - a potion of berserk rage {unknown}
 I - a potion of beneficial mutation {unknown}
 K - a potion of heal wounds {unknown}
 Q - a potion of curing {unknown}
 R - a potion of brilliance {unknown}
Books
 D - a book of Conjurations

   Spells                             Type                      Level
   a - Magic Dart                     Conjuration                  1
   b - Searing Ray                    Conjuration                  2
   c - Dazzling Spray                 Conjuration/Hexes            3
   d - Fulminant Prism                Conjuration/Hexes            4
   e - Iskenderun's Mystic Blast      Conjuration                  4
   f - Iskenderun's Battlesphere      Conjuration/Charms           5
Comestibles
 b - 6 meat rations
 h - 9 slices of pizza
 k - 4 beef jerkies
 l - 5 bread rations
 x - 6 fruits


   Skills:
 + Level 5.0 Fighting
 - Level 2.4 Dodging
 - Level 1.1 Stealth
 - Level 11.0 Unarmed Combat
 * Level 6.1 Evocations


You had 8 spell levels left.
You didn't know any spells.

Dungeon Overview and Level Annotations

Branches:
Dungeon (10/15)            Temple (1/1) D:5
   Lair: D:8-11         Orc: D:9-12

Altars:
Ashenzari
Cheibriados
Dithmenos
Elyvilon
Fedhas
Kikubaaqudgha
Makhleb
Okawaru
Qazlal
Ru
Sif Muna
Trog
Vehumet
Xom
Yredelemnul
Zin
The Shining One

Shops:
D:5 :[   D:6 (

Annotations:
D:5 Prince Ribbit


Innate Abilities, Weirdness & Mutations

You are too large for most types of armour.
You have claws for hands.
Your metabolism is lightning-fast.
You like to eat raw meat.
You heal very quickly.
You are covered in fur (AC +1).
You have very tough skin (AC +2).


Message History

You feel very sick. The kobold closely misses you.
The phantom barely misses you. The kobold closely misses you.
Drink which item? (? for menu, Esc to quit)
It was a potion of degeneration.
There was something very wrong with that liquid.
You feel weakened.
* * * LOW HITPOINT WARNING * * *
You feel very sick. The kobold misses you. The phantom barely misses you.
The kobold hits you.
* * * LOW HITPOINT WARNING * * *
Drink which item? (? for menu, Esc to quit)
It was a potion of cure mutation.
It has a very clean taste.
* * * LOW HITPOINT WARNING * * *
You feel very sick. The kobold closely misses you.
The phantom barely misses you. The kobold hits you but does no damage.
Drink which item? (? for menu, Esc to quit)
It was a potion of restore abilities.
You feel your strength returning.
You die...

#####.### #.#
### #.# #..
#.#
####.#####
#.#
#........#
#.#
####........#
............#
#...KK...#
#...@WK..#
######.### .#
.# ##


You could see a phantom and 3 kobolds.

Vanquished Creatures
  Erolcha (D:8)
  Joseph (D:8)
  A human (D:7)
  A hog (D:7)
  A hippogriff (D:7)
  2 sky beasts
  A necrophage (D:7)
  An orc warrior (D:8)
  2 ice beasts
  A phantom (D:6)
  2 ogres
  A centaur (D:4)
  A big kobold (D:9)
  Blork the orc (D:5)
  2 scorpions
  3 crimson imps
  2 centaur skeletons
  2 jellies
  Crazy Yiuf (D:2)
  3 orc priests
  4 iguanas
  2 orc wizards
  4 hounds
  Natasha (twice) (D:4)
  5 worker ants
  3 sheep (D:7)
  3 gnolls (D:2)
  9 adders
  A shadow imp (D:10)
  3 giant mites
  2 worms
  An adder skeleton (D:4)
  2 adder zombies (D:5)
  7 giant geckos
  20 orcs
  5 giant cockroaches
  8 goblins
  17 hobgoblins
  7 jackals
  A quokka (D:4)
  3 ball pythons
  11 bats
  6 giant newts
  12 kobolds
  A quokka zombie (D:5)
  10 rats
  7 ballistomycetes (D:7)
186 creatures vanquished.

Vanquished Creatures (others)
  2 giant spores
2 creatures vanquished.

Grand Total: 188 creatures vanquished

Notes
Turn   | Place    | Note
--------------------------------------------------------------
     0 | D:1      | superterranean, the Troll Monk, began the quest for the Orb.
     0 | D:1      | Reached XP level 1. HP: 22/22 MP: 1/1
   102 | D:1      | Reached XP level 2. HP: 29/29 MP: 1/1
   630 | D:2      | Reached skill level 5 in Unarmed Combat
   630 | D:2      | Reached XP level 3. HP: 36/36 MP: 2/2
  1028 | D:2      | Noticed Crazy Yiuf
  1042 | D:2      | Killed Crazy Yiuf
  1042 | D:2      | Reached XP level 4. HP: 23/44 MP: 2/2
  1211 | D:2      | Found a sacrificial altar of Ru.
  1285 | D:2      | Reached skill level 6 in Unarmed Combat
  1501 | D:3      | Reached XP level 5. HP: 34/50 MP: 2/2
  2014 | D:4      | Reached skill level 7 in Unarmed Combat
  2165 | D:4      | Noticed an ice beast
  2178 | D:4      | Killed an ice beast
  2178 | D:4      | Reached XP level 6. HP: 22/59 MP: 3/3
  2251 | D:4      | Noticed Natasha
  2256 | D:4      | Killed Natasha
  2354 | D:4      | Noticed a centaur
  2362 | D:4      | Killed a centaur
  2362 | D:4      | Reached skill level 8 in Unarmed Combat
  2585 | D:4      | Noticed Natasha
  2590 | D:4      | Killed Natasha
  2773 | D:4      | Found a shattered altar of Ashenzari.
  3013 | D:5      | Entered Level 5 of the Dungeon
  3065 | D:4      | Reached XP level 7. HP: 61/66 MP: 3/3
  3191 | D:5      | Found a glowing silver altar of Zin.
  3256 | D:5      | Noticed Blork the orc
  3270 | D:5      | Killed Blork the orc
  3313 | D:5      | Noticed Prince Ribbit
  3471 | D:5      | Found Uqimm's Antique Armour Shoppe.
  3471 | D:5      | Found a snail-covered altar of Cheibriados.
  3494 | D:5      | Found a staircase to the Ecumenical Temple.
  3504 | Temple   | Entered the Ecumenical Temple
  3688 | D:5      | Reached skill level 9 in Unarmed Combat
  3696 | D:5      | Found a shimmering altar of Xom.
  3703 | D:5      | Found a burning altar of Makhleb.
  3757 | D:5      | Found Pyuxtext's Book Emporium.
  4232 | D:6      | Reached skill level 10 in Unarmed Combat
  4232 | D:6      | Reached XP level 8. HP: 67/74 MP: 3/3
  4251 | D:6      | Found Famasuam's Antique Weapon Emporium.
  5410 | D:7      | Reached skill level 11 in Unarmed Combat
  5492 | D:7      | Found an iron altar of Okawaru.
  5496 | D:7      | Found a deep blue altar of Sif Muna.
  5501 | D:7      | Found a basalt altar of Yredelemnul.
  5617 | D:7      | Reached skill level 1 in Evocations
  6510 | D:8      | Noticed Joseph
  6526 | D:8      | Killed Joseph
  6526 | D:8      | Reached XP level 9. HP: 44/84 MP: 8/10
  6854 | D:8      | You fall through a shaft for 2 floors!
  6854 | D:10     | Entered Level 10 of the Dungeon
  7138 | D:8      | Noticed Erolcha
  7155 | D:8      | Killed Erolcha
  7155 | D:8      | Reached skill level 5 in Evocations
  7678 | D:8      | Reached skill level 5 in Fighting
  7785 | D:9      | HP: 3/88 [poison (a potion of poison)]
  7786 | D:9      | Succumbed to poison (a potion of poison)

Action                   |  1- 3 |  4- 6 |  7- 9 || total
-------------------------+-------+-------+-------++-------
Melee: Unarmed           |   102 |   130 |   316 ||   548
Evoke: Wand              |       |       |     7 ||     7
  Use: Potion            |       |       |     6 ||     6
 Stab: Sleeping          |     2 |       |     2 ||     4
       Confused          |       |     1 |       ||     1
  Eat: Chunk             |    14 |    15 |    40 ||    69
       Royal jelly       |       |       |     1 ||     1
       Beef jerky        |       |       |     1 ||     1
